 Dungeon Crawl Stone Soup version 0.27-a0-819-g058290f16d (webtiles) character file.

Game seed: 9152253984789185224

30 polve the Skirmisher (level 3, -9/29 HPs)
             Began as a Demonspawn Abyssal Knight on Mar 29, 2021.
             Was a Follower of Lugonu.
             Mangled by an iguana (12 damage)
             ... on level 2 of the Dungeon.
             The game lasted 00:00:42 (1440 turns).

polve the Skirmisher (Demonspawn Abyssal Knight)    Turns: 1440, Time: 00:00:42

Health: -9/29      AC:  5    Str: 13    XL:     3   Next: 5%
Magic:  4/4        EV: 10    Int: 13    God:    Lugonu [*.....]
Gold:   41         SH:  0    Dex: 12    Spells: 2/2 levels left

rFire    . . .     SeeInvis .   a - +1 falchion
rCold    . . .     Faith    .   (no shield)
rNeg     . . .     Spirit   .   k - +0 ring mail
rPois    .         Reflect  .   (no helmet)
rElec    .         Harm     .   (no cloak)
rCorr    .         Rampage  .   (no gloves)
Will     .....                  (no boots)
Stlth    ..........             (no amulet)
HPRegen  0.09/turn              (no ring)
MPRegen  0.09/turn              (no ring)

@: no status effects
A: claws 1, hooves 1
a: Renounce Religion, Depart the Abyss


You were on level 2 of the Dungeon.
You worshipped Lugonu.
Lugonu was aware of your devotion.
You visited 1 branch of the dungeon, and saw 2 of its levels.
You visited the Abyss 1 time.

You collected 41 gold pieces.

Inventory:

Hand Weapons
 a - a +1 falchion (weapon)
Armour
 k - a +0 ring mail (worn)
Scrolls
 f - a scroll of teleportation {unknown}
 g - a scroll of noise {unknown}
 i - a scroll of identify {unknown}
 j - a scroll of magic mapping {unknown}
Potions
 b - a potion of resistance {unknown}
 c - a potion of ambrosia {unknown}
 d - a potion of might {unknown}
 e - 2 potions of heal wounds {unknown}
 h - a potion of curing {unknown}


   Skills:
 - Level 3.0 Fighting
 - Level 2.5 Long Blades
 - Level 1.7 Armour
 - Level 0.8 Dodging
 + Level 1.7 Unarmed Combat
 - Level 2.4 Invocations


You had 2 spell levels left.
You didn't know any spells.
Your spell library was empty.

Dungeon Overview and Level Annotations

Branches:
Dungeon (2/15)

Altars:


Innate Abilities, Weirdness & Mutations

You have sharp fingernails.
You have large cloven feet.


Message History

You slash the rat!
You kill the rat!
Lugonu accepts your kill.
You slash the dart slug!
The dart slug is severely wounded.
The dart slug bites you but does no damage.
You hit the dart slug.
The dart slug is almost dead.
You hit the dart slug but do no damage.
The dart slug is almost dead.
The dart slug closely misses you. The iguana barely misses you.
You hit the dart slug.
You kill the dart slug!
Lugonu accepts your kill. The iguana bites you!
You have reached level 3!
Your experience leads to an increase in your attributes!
Increase (S)trength, (I)ntelligence, or (D)exterity?
You feel stronger.
Your demonic ancestry asserts itself...
Your feet thicken and deform.
You hit the iguana but do no damage. The iguana completely misses you.
You hit the iguana but do no damage. Your kick misses the iguana.
The iguana misses you.
You hit the iguana.
The iguana is lightly wounded.
The iguana closely misses you.
You barely miss the iguana.
The iguana is lightly wounded.
The iguana barely misses you. The iguana bites you!
You hit the iguana. You kick the iguana.
The iguana is heavily wounded.
The iguana barely misses you.
You hit the iguana.
The iguana is heavily wounded.
The iguana bites you!
* * * LOW HITPOINT WARNING * * *
You hit the iguana. You kick the iguana, but do no damage.
The iguana is severely wounded.
The iguana bites you!
You die...

.... #....# #... .....#
#....# #... ......
#....# #...
......#####....## ####
................#
................#
$......)........# #
......l.........# ####
.......@.......[#####...
.....[..................
##......................
#.........รท........(...
#......................
........................
#####...................
#...................
############........


You could see an iguana.

Vanquished Creatures
  An adder (D:2)
  A dart slug (D:2)
  A giant cockroach (D:1)
  2 goblins (D:1)
  A hobgoblin (D:1)
  2 kobolds
  2 ball pythons (D:1)
  4 bats (D:1)
  2 frilled lizards (D:2)
  3 rats
19 creatures vanquished.

Notes
Turn   | Place    | Note
-------+----------+-------------------------------------------
     0 | Abyss:1  | polve the Demonspawn Abyssal Knight began the quest for the
                  | Orb.
     0 | Abyss:1  | Reached XP level 1. HP: 18/18 MP: 2/2
    75 | Abyss:1  | Noticed a wretched star
    76 | D:1      | Escaped the Abyss
   309 | D:1      | Reached * piety under Lugonu
   440 | D:1      | Gained mutation: You have sharp fingernails. [demonic
                  | ancestry]
   440 | D:1      | Reached XP level 2. HP: 20/24 MP: 3/3
  1076 | D:2      | Reached skill level 1 in Unarmed Combat
  1434 | D:2      | Gained mutation: You have large cloven feet. [demonic
                  | ancestry]
  1434 | D:2      | Reached XP level 3. HP: 21/29 MP: 4/4
  1440 | D:2      | Mangled by an iguana

Illustrated notes

Levels and vault maps discovered:
D:1:      tarquinn_simple_flora_water_c, layout_basic,
          minmay_misc_feat_four_crosses, st_stairs_13, minmay_pentomino_w2
D:2:      layout_basic

Skill      XL: |  1  2 |
---------------+-------+-----
Long Blades    | 2 |  2.5
Unarmed Combat | 1 |  1.7
Fighting       | |  3.0
Armour         | |  1.7
Dodging        | |  0.8
Invocations    | |  2.4

Action                   || total
-------------------------++-------
Melee: Falchion          ||    55
       Kick              ||     2
Invok: Depart the Abyss  ||     1
Armor: Leather armour    ||    14
       Ring mail         ||     3
Dodge: Dodged            ||    39
       Rpst.: Falchion   ||     6

Table legend: (Time is in decaauts)
 A = Elapsed time spent in this place.
 B = Non-inter-level travel time spent in this place.
 C = Inter-level travel time spent in this place.
 D = Time resting spent in this place.
 E = Time spent auto-exploring this place.
 F = Levels seen in this place.
 G = Mean time per level.
                   A        B        C        D        E       F      G
               +--------+--------+--------+--------+--------+-----+--------+
         Total |   1448 |   1439 |      9 |      0 |   1280 |   3 |  482.7 |
       Dungeon |   1372 |   1363 |      9 |      0 |   1205 |   2 |  686.0 |
         Abyss |     76 |     76 |      0 |      0 |     75 |   1 |   76.0 |
               +--------+--------+--------+--------+--------+-----+--------+

Top non-repeatable levels by time:
     D:1: 987 daAuts
     D:2: 385 daAuts
 Abyss:1: 76 daAuts
